3AA
WESTWOOD SIXSHOOTERS @ FT. POLK SOUTH THUNDER HAWKS
06/06/2022
 
TOP OF THE 1ST
Westwood Sixshooters batting - Pitching for Ft. Polk South Thunder Hawks : RHP Marc Graham
Pitching: RHP Marc Graham
Batting: RHB Manuel Becerra 0-0: Ball
1-0: Fly out, F9 (Popup, 4D)
Batting: RHB Jorge Morales 0-0: Called Strike
0-1: Ball
1-1: Ball
2-1: Foul Ball, location: 2F
2-2: Strikes out swinging
Batting: LHB Javier Sánchez 0-0: Ball
1-0: Ball
2-0: Called Strike
2-1: Ground out U3 (Groundball, 3)
Top of the 1st over - 0 run(s), 0 hit(s), 0 error(s), 0 left on base; Westwood 0 - Ft. Polk South 0
BOTTOM OF THE 1ST
Ft. Polk South Thunder Hawks batting - Pitching for Westwood Sixshooters : RHP John Tanner
Pitching: RHP John Tanner
Batting: SHB Armando Olvera 0-0: Foul Ball, location: 2F
0-1: Called Strike
0-2: Ball
1-2: Ball
2-2: Ball
3-2: Foul Ball, location: 2F
3-2: Strikes out looking
Batting: RHB Steven Grant 0-0: Called Strike
0-1: Swinging Strike
0-2: Ground out 6-3 (Groundball, 6)
Batting: RHB Héctor López 0-0: Ball
1-0: Called Strike
1-1: Ground out 1-3 (Groundball, 15)
Bottom of the 1st over - 0 run(s), 0 hit(s), 0 error(s), 0 left on base; Westwood 0 - Ft. Polk South 0
TOP OF THE 2ND
Westwood Sixshooters batting - Pitching for Ft. Polk South Thunder Hawks : RHP Marc Graham
Batting: RHB Ronnie Cleveland 0-0: Ball
1-0: Foul Ball, location: 2F
1-1: Called Strike
1-2: Fly out, F7 (Flyball, 7M)
Batting: RHB Iván Vega 0-0: Ball
1-0: Ball
2-0: Ball
3-0: Base on Balls
Batting: RHB Wes Shannon 0-0: Foul Ball, location: 2F
0-1: Ball
1-1: Ball
2-1: Foul Ball, location: 2F
2-2: Reached on Error, E8 (Flyball, 8RS)
Iván Vega to second
Batting: RHB Aurelio García 0-0: Called Strike
0-1: Swinging Strike
0-2: Foul Ball, location: 2F
0-2: Ball
1-2: SINGLE (Groundball, 6)
Iván Vega to third
Wes Shannon to second
Batting: RHB Jim Unknown 0-0: Ball
1-0: DOUBLE (Flyball, 78XD)
Iván Vega scores
Wes Shannon scores
Aurelio García to third
Runner from 3rd tries for Home, SAFE, no throw or cutoff
Batting: RHB Sergio Martínez 0-0: Ball
1-0: Ball
2-0: Ball
3-0: Called Strike
3-1: Called Strike
3-2: Strikes out swinging
Batting: RHB Manuel Becerra 0-0: Ball
1-0: Swinging Strike
1-1: Ground out 6-3 (Groundball, 56)
Top of the 2nd over - 3 run(s), 2 hit(s), 1 error(s), 1 left on base; Westwood 3 - Ft. Polk South 0
BOTTOM OF THE 2ND
Ft. Polk South Thunder Hawks batting - Pitching for Westwood Sixshooters : RHP John Tanner
Batting: LHB José López 0-0: Fly out, F5 (Popup, 5S)
Batting: SHB Paul Wright 0-0: Called Strike
0-1: Fly out, F6 (Popup, 7S)
Batting: RHB Clark Calhoun 0-0: Ball
1-0: Fly out, F6 (Popup, 6D)
Bottom of the 2nd over - 0 run(s), 0 hit(s), 0 error(s), 0 left on base; Westwood 3 - Ft. Polk South 0
TOP OF THE 3RD
Westwood Sixshooters batting - Pitching for Ft. Polk South Thunder Hawks : RHP Marc Graham
Batting: RHB Jorge Morales 0-0: Ball
1-0: Ball
2-0: DOUBLE (Line Drive, 7LM)
Batting: LHB Javier Sánchez 0-0: Called Strike
0-1: 2-RUN HOME RUN (Flyball, 9D), Distance : 359 ft
Batting: RHB Ronnie Cleveland Reached via error on a dropped throw, E3
Batting: RHB Iván Vega 0-0: Called Strike
0-1: Ball
1-1: Ball
2-1: Foul Ball, location: 2F
2-2: Ball
Passed Ball!
Ronnie Cleveland to second
3-2: Strikes out swinging
Batting: RHB Wes Shannon 0-0: Ball
1-0: Foul Ball, location: 2F
1-1: Ball
2-1: SINGLE (Line Drive, 7S)
Ronnie Cleveland to third
Runner from 3rd tries for Home, SAFE, no throw or cutoff
Batting: RHB Aurelio García 0-0: Called Strike
0-1: Called Strike
0-2: Ball
1-2: Fly out, F6 (Popup, 6)
Batting: RHB Jim Unknown 0-0: Ball
1-0: SINGLE (Groundball, 34S)
Wes Shannon to second
Runner from 2nd tries for 3rd, SAFE, throw made to third
Jim Unknown to second
Batting: RHB Sergio Martínez 0-0: Called Strike
0-1: Fly out, F5 (Line Drive, 5S)
Top of the 3rd over - 3 run(s), 4 hit(s), 1 error(s), 2 left on base; Westwood 6 - Ft. Polk South 0
BOTTOM OF THE 3RD
Ft. Polk South Thunder Hawks batting - Pitching for Westwood Sixshooters : RHP John Tanner
Batting: SHB Brian Wurz 0-0: Called Strike
0-1: Ground out 4-3 (Groundball, 4)
Batting: RHB Henry Weber 0-0: Ground out 5-3 (Groundball, 56)
Batting: LHB Jim Unknown 0-0: Called Strike
0-1: SOLO HOME RUN (Flyball, 9D), Distance : 350 ft
Batting: SHB Armando Olvera 0-0: Ball
1-0: Ball
2-0: Hit by Pitch
Batting: RHB Steven Grant 0-0: Called Strike
0-1: Called Strike
0-2: Foul Ball, location: 2F
0-2: DOUBLE (Line Drive, 89M)
Armando Olvera to third
Batting: RHB Héctor López 0-0: Called Strike
0-1: Ball
1-1: Ball
2-1: Fly out, F8 (Flyball, 8RM)
Bottom of the 3rd over - 1 run(s), 2 hit(s), 0 error(s), 2 left on base; Westwood 6 - Ft. Polk South 1
TOP OF THE 4TH
Westwood Sixshooters batting - Pitching for Ft. Polk South Thunder Hawks : RHP Marc Graham
Pitching: RHP Júlio Palácios
Batting: RHB Manuel Becerra 0-0: Foul Ball, location: 2F
0-1: Ball
1-1: Foul Ball, location: 2F
1-2: Foul Ball, location: 2F
1-2: Foul Ball, location: 2F
1-2: Ball
2-2: Foul Ball, location: 2F
2-2: Ball
3-2: Ground out 6-3 (Groundball, 6M)
Batting: RHB Jorge Morales 0-0: Swinging Strike
0-1: Foul Ball, location: 2F
0-2: Ball
1-2: Foul Ball, location: 2F
1-2: Ball
2-2: Strikes out swinging
Batting: LHB Javier Sánchez 0-0: Called Strike
0-1: Ball
1-1: Called Strike
1-2: Strikes out looking
Top of the 4th over - 0 run(s), 0 hit(s), 0 error(s), 0 left on base; Westwood 6 - Ft. Polk South 1
BOTTOM OF THE 4TH
Ft. Polk South Thunder Hawks batting - Pitching for Westwood Sixshooters : RHP John Tanner
Batting: LHB José López 0-0: Called Strike
0-1: Ball
1-1: Ball
2-1: Ground out 4-3 (Groundball, 4M)
Batting: SHB Paul Wright 0-0: Ball
1-0: Swinging Strike
1-1: Foul Ball, location: 2F
1-2: Ball
2-2: Ball
3-2: Foul Ball, location: 2F
3-2: Base on Balls
Batting: RHB Clark Calhoun 0-0: Ball
1-0: Foul Ball, location: 2F
1-1: Ball
2-1: Ball
3-1: Swinging Strike
3-2: Foul Ball, location: 2F
3-2: Strikes out swinging
Batting: SHB Brian Wurz 0-0: Ball
1-0: Ball
2-0: Ball
3-0: Called Strike
3-1: Foul Ball, location: 2F
3-2: Base on Balls
Paul Wright to second
Batting: RHB Henry Weber 0-0: Called Strike
0-1: Foul Ball, location: 2F
0-2: Ball
1-2: SINGLE (Groundball, 25) (infield hit)
Paul Wright to third
Brian Wurz to second
Batting: LHB Jim Unknown 0-0: Ball
1-0: GRAND SLAM HOME RUN (Line Drive, 9LD), Distance : 350 ft
Batting: SHB Armando Olvera 0-0: SINGLE (Line Drive, 34)
Batting: RHB Steven Grant 0-0: Ball
1-0: Ball
2-0: Ball
3-0: Called Strike
3-1: Foul Ball, location: 2F
3-2: Base on Balls
Armando Olvera to second
Batting: RHB Héctor López 0-0: Ball
1-0: Fly out, F9 (Flyball, 9M)
Bottom of the 4th over - 4 run(s), 3 hit(s), 0 error(s), 2 left on base; Westwood 6 - Ft. Polk South 5
TOP OF THE 5TH
Westwood Sixshooters batting - Pitching for Ft. Polk South Thunder Hawks : RHP Júlio Palácios
Batting: RHB Ronnie Cleveland 0-0: Foul Ball, location: 2F
0-1: Called Strike
0-2: Ball
1-2: Foul Ball, location: 2F
1-2: Ball
2-2: Strikes out swinging
Batting: RHB Iván Vega 0-0: Called Strike
0-1: Ball
1-1: Foul Ball, location: 2F
1-2: Strikes out looking
Batting: RHB Wes Shannon 0-0: Fly out, F9 (Flyball, 89M)
Top of the 5th over - 0 run(s), 0 hit(s), 0 error(s), 0 left on base; Westwood 6 - Ft. Polk South 5
BOTTOM OF THE 5TH
Ft. Polk South Thunder Hawks batting - Pitching for Westwood Sixshooters : RHP John Tanner
Batting: LHB José López 0-0: Ball
1-0: Foul Ball, location: 2F
1-1: Swinging Strike
1-2: SINGLE (Groundball, 4M)
Batting: SHB Paul Wright 0-0: Called Strike
0-1: Ball
1-1: Grounds out, U3 (Groundball, 3L)
Batting: RHB Clark Calhoun 0-0: Called Strike
0-1: Ball
1-1: Fly out, F6 (Popup, 6MD)
Batting: SHB Brian Wurz 0-0: Called Strike
0-1: Swinging Strike
0-2: Foul Ball, location: 2F
0-2: Ball
1-2: 2-RUN HOME RUN (Flyball, 9D), Distance : 368 ft
Pitching: RHP Paul Abbott
Batting: RHB Henry Weber 0-0: Swinging Strike
0-1: Swinging Strike
0-2: Foul Ball, location: 2F
0-2: Foul Ball, location: 2F
0-2: Ball
1-2: Foul Ball, location: 2F
1-2: Ball
2-2: Strikes out swinging
Bottom of the 5th over - 2 run(s), 2 hit(s), 0 error(s), 0 left on base; Westwood 6 - Ft. Polk South 7
TOP OF THE 6TH
Westwood Sixshooters batting - Pitching for Ft. Polk South Thunder Hawks : RHP Júlio Palácios
Batting: RHB Aurelio García 0-0: Ground out 6-3 (Groundball, 6M)
Batting: RHB Jim Unknown 0-0: SOLO HOME RUN (Line Drive, 78XD), Distance : 392 ft
Batting: RHB Sergio Martínez 0-0: Reached on error, E5 (Groundball, 56)
Batting: RHB Manuel Becerra 0-0: Called Strike
0-1: Ball
1-1: Ball
2-1: Ground out 5-3 (Groundball, 56)
Batting: RHB Jorge Morales 0-0: Swinging Strike
0-1: SINGLE (Groundball, 6MD)
Sergio Martínez to third
Runner from 3rd tries for Home, SAFE, no throw or cutoff
Batting: LHB Javier Sánchez 0-0: Fly out, F4 (Popup, 34D)
Top of the 6th over - 2 run(s), 2 hit(s), 1 error(s), 1 left on base; Westwood 8 - Ft. Polk South 7
BOTTOM OF THE 6TH
Ft. Polk South Thunder Hawks batting - Pitching for Westwood Sixshooters : RHP Paul Abbott
Batting: LHB Jim Unknown 0-0: Ball
1-0: Ball
2-0: Called Strike
2-1: SOLO HOME RUN (Flyball, 7LD), Distance : 343 ft
Batting: SHB Armando Olvera 0-0: Ball
1-0: DOUBLE (Line Drive, 9LS)
Batting: RHB Steven Grant 0-0: Called Strike
0-1: Foul Ball, location: 2F
0-2: Ball
1-2: Strikes out swinging
Batting: RHB Héctor López 0-0: Intentional Walk
Batting: LHB José López 0-0: Swinging Strike
0-1: Grounds into double play, 3-6-3 (Groundball, 3)
Bottom of the 6th over - 1 run(s), 2 hit(s), 0 error(s), 1 left on base; Westwood 8 - Ft. Polk South 8
TOP OF THE 7TH
Westwood Sixshooters batting - Pitching for Ft. Polk South Thunder Hawks : RHP Júlio Palácios
Batting: RHB Ronnie Cleveland 0-0: Foul Ball, location: 2F
0-1: Ball
1-1: SINGLE (Flyball, 9LS)
Batting: RHB Iván Vega 0-0: Foul Ball, location: 2F
0-1: Ball
1-1: Ball
2-1: Ball
3-1: Fly out, F8 (Flyball, 8RXD)
Batting: RHB Wes Shannon 0-0: Swinging Strike
0-1: TRIPLE (Line Drive, 8RM)
Ronnie Cleveland scores
Pitching: RHP Dax Perry
Batting: RHB Aurelio García 0-0: Swinging Strike
0-1: Ball
1-1: Foul Ball, location: 2F
1-2: Ball
2-2: Strikes out swinging
Batting: RHB Jim Unknown 0-0: Ball
1-0: Called Strike
1-1: Swinging Strike
1-2: Foul Ball, location: 2F
1-2: Ball
2-2: Fly out, F3 (Popup, 3L)
Top of the 7th over - 1 run(s), 2 hit(s), 0 error(s), 1 left on base; Westwood 9 - Ft. Polk South 8
BOTTOM OF THE 7TH
Ft. Polk South Thunder Hawks batting - Pitching for Westwood Sixshooters : RHP Paul Abbott
Batting: SHB Paul Wright 0-0: Ball
1-0: Foul Ball, location: 2F
1-1: Called Strike
1-2: Foul Ball, location: 2F
1-2: Fly out, F4 (Line Drive, 4)
Batting: RHB Clark Calhoun 0-0: Called Strike
0-1: Swinging Strike
0-2: Ball
1-2: SINGLE (Line Drive, 78S)
Batting: SHB Brian Wurz 0-0: Ball
1-0: Fly out, F8 (Flyball, 8LXD)
Pinch Hitting: RHB Darrell Goldstein 0-0: Fly out, F8 (Flyball, 8LM)
Bottom of the 7th over - 0 run(s), 1 hit(s), 0 error(s), 1 left on base; Westwood 9 - Ft. Polk South 8
TOP OF THE 8TH
Westwood Sixshooters batting - Pitching for Ft. Polk South Thunder Hawks : RHP Dax Perry
Now at SS: Robbie Chambers
Batting: RHB Sergio Martínez 0-0: Ball
1-0: Fly out, F4 (Popup, 4D)
Batting: RHB Manuel Becerra 0-0: Foul Ball, location: 2F
0-1: Called Strike
0-2: Ball
1-2: Strikes out swinging
Batting: RHB Jorge Morales 0-0: Called Strike
0-1: Ball
1-1: Called Strike
1-2: Ground out 4-3 (Groundball, 4M)
Top of the 8th over - 0 run(s), 0 hit(s), 0 error(s), 0 left on base; Westwood 9 - Ft. Polk South 8
BOTTOM OF THE 8TH
Ft. Polk South Thunder Hawks batting - Pitching for Westwood Sixshooters : RHP Paul Abbott
Pitching: LHP Jeremy Vance
Now at 2B: Bob Howells
Batting: LHB Jim Unknown 0-0: Ball
1-0: Ground out 4-3 (Groundball, 13)
Pitching: RHP Devin Federith
Batting: SHB Armando Olvera 0-0: Ball
1-0: Foul Ball, location: 2F
1-1: DOUBLE (Groundball, 3L)
Batting: RHB Steven Grant 0-0: Swinging Strike
0-1: Called Strike
0-2: Ball
1-2: Strikes out looking
Batting: RHB Héctor López 0-0: Fly out, F8 (Flyball, 8LM)
Bottom of the 8th over - 0 run(s), 1 hit(s), 0 error(s), 1 left on base; Westwood 9 - Ft. Polk South 8
TOP OF THE 9TH
Westwood Sixshooters batting - Pitching for Ft. Polk South Thunder Hawks : RHP Dax Perry
Batting: LHB Javier Sánchez 0-0: Ball
1-0: Ball
2-0: Ball
3-0: Called Strike
3-1: Foul Ball, location: 2F
3-2: Strikes out swinging
Batting: RHB Ronnie Cleveland 0-0: DOUBLE (Groundball, 5L)
Batting: RHB Iván Vega 0-0: Intentional Walk
Batting: RHB Wes Shannon 0-0: Ball
1-0: Ball
2-0: Called Strike
2-1: Fly out, F9 (Flyball, 9LS)
Batting: RHB Aurelio García 0-0: Foul Ball, location: 2F
0-1: Called Strike
0-2: SINGLE (Line Drive, 7S)
Ronnie Cleveland to third
Iván Vega to second
Pinch Hitting: LHB José Martínez 0-0: Ground out 4-3 (Groundball, 34)
Top of the 9th over - 0 run(s), 2 hit(s), 0 error(s), 3 left on base; Westwood 9 - Ft. Polk South 8
BOTTOM OF THE 9TH
Ft. Polk South Thunder Hawks batting - Pitching for Westwood Sixshooters : RHP Devin Federith
Pitching: RHP Cisco Ortega
Now at C: Richard Hicks
Now at 1B: Don Thomas
Now in LF: Brian Boone
Batting: LHB José López 0-0: Fly out, F9 (Flyball, 89M)
Pinch Hitting: RHB Tommy Stanley 0-0: Called Strike
0-1: Swinging Strike
0-2: Ball
1-2: Foul Ball, location: 2F
1-2: Strikes out swinging
Pinch Hitting: RHB Jack Peck 0-0: Foul Ball, location: 2F
0-1: Ball
1-1: Ground out 3-1 (Groundball, 34)
Bottom of the 9th over - 0 run(s), 0 hit(s), 0 error(s), 0 left on base; Westwood 9 - Ft. Polk South 8
This league is powered by Out of the Park Baseball, the baseball management simulation game for PC, Mac and Linux
Friday, April 15th, 2016 - OOTP Baseball 16.9 Build 39